 Dungeon Crawl Stone Soup version 0.29.0-4-gdea44cf6ec (webtiles) character file.

Game seed: 4829567121994792823

10733 qw the Grappler (level 11, -5/102 HPs)
             Began as a Troll Cinder Acolyte on Aug 31, 2022.
             Was an Initiate of Ignis.
             Slain by an Executioner (9 damage)
             ... on level 1 of the Abyss.
             The game lasted 00:05:41 (8817 turns).

qw the Grappler (Troll Cinder Acolyte)              Turns: 8817, Time: 00:05:42

Health: -5/102     AC: 28    Str: 23    XL:     11   Next: 40%
Magic:  11/11      EV: -3    Int: 10    God:    Ignis [......]
Gold:   1218       SH:  9    Dex:  5    Spells: 12/12 levels left

rFire   + + .      SeeInvis .     - Unarmed
rCold   + + .      Faith    .   e - +0 kite shield
rNeg    + . .      Spirit   .   c - +1 gold dragon scales of the Three Xeniums {rPois rF+ rC+ rN+ Will+ Str-5 Stlth+}
rPois   +          Reflect  .   (helmet restricted)
rElec   .          Harm     .   r - +2 cloak
rCorr   .          Rampage  .   (gloves unavailable)
Will    ++...                   (boots unavailable)
Stlth   ..........              (no amulet)
HPRegen 1.07/turn               d - ring of willpower
MPRegen 0.12/turn               p - ring of protection from cold

@: fiery-armoured, constricted, unable to read
A: large, unfitting armour, claws 3, regeneration 1, shaggy fur 1, tough skin 1,
inability to read after injury 1
a: Renounce Religion, Rising Flame


You were on level 1 of the Abyss.
You worshipped Ignis.
Ignis was noncommittal.
You visited 2 branches of the dungeon, and saw 10 of its levels.
You visited the Abyss 1 time.

You collected 1473 gold pieces.
You spent 255 gold pieces at shops.


Innate Abilities, Weirdness & Mutations

You are too large for most types of armour.
You have claws for hands.
Your natural rate of healing is unusually fast.
You are covered in fur. (AC +1)
You have tough skin. (AC +1)
You occasionally lose the ability to read scrolls when taking damage.


   Skills:
 - Level 5.0 Fighting
 - Level 4.1 Throwing
 - Level 5.1 Armour
 - Level 9.1 Shields
 + Level 12.3 Unarmed Combat
 - Level 1.0 Spellcasting
 - Level 2.1 Fire Magic


You had 12 spell levels left.
You didn't know any spells.
Your spell library contained the following spells:

 Spells                   Type           Power      Damage    Failure   Level
 Scorch                   Fire           8%         2d5       100%        2

Inventory:

Missiles
 o - 2 boomerangs (quivered)
Armour
 c - the +1 gold dragon scales of the Three Xeniums (worn) {rPois rF+ rC+ rN+ Will+ Str-5 Stlth+}
   (You acquired it on level 1 of the Dungeon)

   Str:       It affects your strength (-5).
   rF:        It protects you from fire.
   rC:        It protects you from cold.
   rPois:     It protects you from poison.
   rN:        It protects you from negative energy.
   Will:      It increases your willpower.
   Stlth:     It makes you more stealthy.
 e - a +0 kite shield (worn)
 r - a +2 cloak (worn)
Jewellery
 a - a ring of ice
 d - a ring of willpower (left claw)
 j - a ring of fire
 p - a ring of protection from cold (right claw)
 q - a ring of positive energy
 Y - a ring of resist corrosion
Scrolls
 h - 2 scrolls of identify
 k - a scroll of enchant weapon
 m - a scroll of teleportation
 s - a scroll of enchant armour
Potions
 f - 10 potions of curing
 i - a potion of resistance
 l - a potion of haste
 n - 5 potions of might

Dungeon Overview and Level Annotations

Branches:
Dungeon (9/15)             Temple (0/1) D:5            Lair (1/5) D:9
    Orc: D:9-12

Altars:
Dithmenos
Fedhas
Kikubaaqudgha
Makhleb
Trog
Wu Jian
Xom
Zin

Shops:
D:2 :   D:5 [

Annotations:
Lair:1 Sonja


Message History

The small abomination is burned by your cloak of flames.
The small abomination is lightly damaged.
The tentacled starspawn bites you!!
You feel threatened and lose the ability to read scrolls!
The tentacled starspawn tentacle-slaps you!
The tentacled starspawn is burned by your cloak of flames.
The tentacled starspawn is lightly damaged.
The starspawn tentacle constricts you.
8816 ||| DRINKING potion of heal wounds.
You feel much better.
The Executioner hits you but does no damage. x2
The Executioner resists.
The Executioner is burned by your cloak of flames.
The Executioner is moderately wounded.
The Executioner hits you but does no damage.
The Executioner hits you! You block the Executioner's attack. x2
The small abomination hits you but does no damage.
The small abomination is burned by your cloak of flames.
The small abomination is moderately damaged.
The Executioner hits you!
The Executioner resists.
The Executioner is burned by your cloak of flames.
The Executioner is moderately wounded.
The Executioner hits you.
The Executioner hits you but does no damage.
A large abomination comes into view.
The small abomination hits you.
The small abomination is burned by your cloak of flames.
The small abomination is moderately damaged.
The tentacled starspawn bites you!
The tentacled starspawn is burned by your cloak of flames.
The tentacled starspawn is moderately damaged.
The tentacled starspawn tentacle-slaps you but does no damage.
The tentacled starspawn is burned by your cloak of flames.
The tentacled starspawn is moderately damaged.
The starspawn tentacle constricts you.
A large abomination comes into view.
You claw the starspawn tentacle!
The starspawn tentacle is heavily damaged.
The Executioner hits you!
You die...

. ## ..# .#.. ..
.... #X >t# #..
..#
#####.#####.#####
.......x@....X....
......wX1........
##.....#w#s...#.
###...ยค#..X#....
##.....#...##X.#
#....#. ##... ..
###.... #.. #..
#..... ...... #
... .... .


You could see 2 tentacled starspawn, an Executioner (fast), 3 large
abominations, a jumping spider, a small abomination and 2 starspawn tentacles.

Vanquished Creatures
  2 two-headed ogres (D:8)
  A centaur warrior (D:8)
  A skeletal warrior (D:8)
  2 ugly things (D:8)
  A worldbinder (Abyss:1)
  A cyclops (D:9)
  Maurice (D:8)
  A cane toad (Lair:1)
  2 trolls
  2 wyverns (D:8)
  8 yaks
  A steam dragon (D:8)
  2 neqoxecs (Abyss:1)
  Menkaure (D:4)
  4 water moccasins
  2 sky beasts
  3 black bears (D:9)
  2 orc warriors
  2 ogres
  3 ice beasts
  3 centaurs
  A phantom (D:5)
  A kobold brigand (D:6)
  2 necrophages
  2 bullfrogs (D:8)
  4 scorpions
  6 wights
  2 killer bees
  A howler monkey (D:4)
  6 electric eels (D:7)
  A jelly (D:7)
  3 orc priests
  A gnoll bouda (D:6)
  3 hounds
  4 iguanas
  An iron imp (Abyss:1)
  8 orc wizards
  Natasha (thrice) (D:4)
  A hound skeleton (D:7)
  Robin (D:4)
  6 gnolls
  4 adders
  4 white imps
  4 dart slugs
  3 worms
  26 orcs
  3 endoplasms
  3 giant cockroaches
  17 goblins
  12 hobgoblins
  7 jackals
  11 kobolds
  2 quokkas
  5 ball pythons
  5 bats
  5 frilled lizards
  7 rats
220 creatures vanquished.

Vanquished Creatures (others)
  23 fungi (D:9)
  34 plants
  A starspawn tentacle (Abyss:1)
58 creatures vanquished.

Grand Total: 278 creatures vanquished

Notes
Turn   | Place    | Note
-------+----------+-------------------------------------------
     0 | D:1      | qw the Troll Cinder Acolyte began the quest for the Orb.
     0 | D:1      | Reached XP level 1. HP: 22/22 MP: 1/1
     0 | D:1      | 0 ||| qw: Version: 0.1-a-97-g2dd2ca4
     0 | D:1      | 0 ||| qw: Game counter: 4631
     0 | D:1      | 0 ||| qw: Always use a shield: true
     0 | D:1      | 0 ||| qw: God list: Okawaru
     0 | D:1      | 0 ||| qw: Allow faded altars: false
     0 | D:1      | 0 ||| qw: Do Orc after D:15 true
     0 | D:1      | 0 ||| qw: Do second Lair branch before Depths: true
     0 | D:1      | 0 ||| qw: Lair rune preference: random
     0 | D:1      | 0 ||| qw: Plans: Normal
     0 | D:1      | 0 ||| PLANNING D:1-11
   303 | D:1      | Reached XP level 2. HP: 28/29 MP: 2/2
   348 | D:1      | 348 ||| Stepping ~*~*~tactically~*~*~ (hiding).
   693 | D:1      | 693 ||| UPGRADING to +0 kite shield.
   698 | D:1      | 698 ||| READING scroll labelled POTRAKI JEATS.
   699 | D:1      | 699 ||| READING scroll labelled RONLUCS NAAHET.
   700 | D:1      | 700 ||| READING 3 scrolls labelled LIRICI TOLEKU.
   701 | D:1      | 701 ||| READING scroll labelled KIPEPP FYUKUCIPS.
   802 | D:1      | 802 ||| READING scroll labelled XIEXIJA EGUESK.
   803 | D:1      | 803 ||| READING scroll labelled PEKHOI YSHROT.
   803 | D:1      | Identified a scroll of acquirement
   803 | D:1      | 803 ||| ACQUIRING +1 gold dragon scales of the Three
                  | Xeniums {rPois rF+ rC+ rN+ Will+ Str-5 Stlth+}
   803 | D:1      | Acquired the +1 gold dragon scales of the Three Xeniums
                  | {rPois rF+ rC+ rN+ Will+ Str-5 Stlth+}
   805 | D:1      | 805 ||| UPGRADING to +1 gold dragon scales of the Three
                  | Xeniums {rPois rF+ rC+ rN+ Will+ Str-5 Stlth+}.
   815 | D:1      | 815 ||| DROPPING +0 robe.
   816 | D:1      | 816 ||| DRINKING 3 fuming yellow potions.
   817 | D:1      | 817 ||| DROPPING 2 scrolls of blinking.
   869 | D:2      | Found Xeshy's Book Shoppe.
   920 | D:2      | 920 ||| Stepping ~*~*~tactically~*~*~ (stealth).
   924 | D:2      | 924 ||| Stepping ~*~*~tactically~*~*~ (stealth).
   960 | D:2      | Reached skill level 1 in Shields
   991 | D:2      | Reached XP level 3. HP: 36/36 MP: 3/3
  1370 | D:2      | 1370 ||| DROPPING scarf of harm.
  1371 | D:2      | 1371 ||| UPGRADING to +0 cloak.
  1376 | D:2      | 1376 ||| UPGRADING to ring of positive energy.
  1377 | D:2      | 1377 ||| READING 2 scrolls labelled DOSOVU KUI.
  1378 | D:2      | 1378 ||| READING scroll labelled HUVEOT ADATUU.
  1382 | D:2      | 1382 ||| READING scroll labelled MUISEA BIOTEN.
  1383 | D:2      | 1383 ||| READING scroll labelled MAXUEL QAAN.
  1573 | D:3      | 1573 ||| Stepping ~*~*~tactically~*~*~ (stealth).
  1624 | D:3      | Reached XP level 4. HP: 43/44 MP: 4/4
  2326 | D:4      | Reached skill level 1 in Armour
  2442 | D:4      | Noticed Menkaure
  2449 | D:4      | Killed Menkaure
  2450 | D:4      | Reached skill level 3 in Shields
  2450 | D:4      | Reached XP level 5. HP: 50/50 MP: 5/5
  2463 | D:4      | 2463 ||| Stepping ~*~*~tactically~*~*~ (outnumbered).
  2464 | D:4      | 2464 ||| Stepping ~*~*~tactically~*~*~ (outnumbered).
  2465 | D:4      | 2465 ||| Stepping ~*~*~tactically~*~*~ (outnumbered).
  2471 | D:4      | Reached skill level 4 in Unarmed Combat
  2483 | D:4      | 2483 ||| Stepping ~*~*~tactically~*~*~ (stealth).
  2484 | D:4      | 2484 ||| Stepping ~*~*~tactically~*~*~ (stealth).
  2495 | D:4      | Noticed Robin
  2496 | D:4      | Noticed Natasha
  2497 | D:4      | 2497 ||| INVOKING Fiery Armour.
  2503 | D:4      | Killed Natasha
  2504 | D:4      | Reached XP level 6. HP: 56/59 MP: 6/6
  2507 | D:4      | 2507 ||| Stepping ~*~*~tactically~*~*~ (outnumbered).
  2508 | D:4      | 2508 ||| Stepping ~*~*~tactically~*~*~ (outnumbered).
  2509 | D:4      | 2509 ||| Stepping ~*~*~tactically~*~*~ (outnumbered).
  2510 | D:4      | 2510 ||| Stepping ~*~*~tactically~*~*~ (outnumbered).
  2511 | D:4      | 2511 ||| Stepping ~*~*~tactically~*~*~ (outnumbered).
  2512 | D:4      | 2512 ||| Stepping ~*~*~tactically~*~*~ (outnumbered).
  2514 | D:4      | 2514 ||| Stepping ~*~*~tactically~*~*~ (outnumbered).
  2520 | D:4      | Killed Robin
  2537 | D:4      | 2537 ||| Stepping ~*~*~tactically~*~*~ (stealth).
  2541 | D:4      | 2541 ||| Stepping ~*~*~tactically~*~*~ (stealth).
  2545 | D:4      | 2545 ||| Stepping ~*~*~tactically~*~*~ (outnumbered).
  2546 | D:4      | 2546 ||| Stepping ~*~*~tactically~*~*~ (outnumbered).
  2548 | D:4      | 2548 ||| Stepping ~*~*~tactically~*~*~ (outnumbered).
  2551 | D:4      | 2551 ||| Stepping ~*~*~tactically~*~*~ (outnumbered).
  2555 | D:4      | 2555 ||| Stepping ~*~*~tactically~*~*~ (outnumbered).
  2556 | D:4      | 2556 ||| Stepping ~*~*~tactically~*~*~ (outnumbered).
  2557 | D:4      | 2557 ||| Stepping ~*~*~tactically~*~*~ (outnumbered).
  2558 | D:4      | 2558 ||| Stepping ~*~*~tactically~*~*~ (outnumbered).
  2559 | D:4      | 2559 ||| Stepping ~*~*~tactically~*~*~ (outnumbered).
  2932 | D:4      | Noticed Natasha
  2939 | D:4      | Killed Natasha
  3075 | D:4      | 3075 ||| READING scroll labelled ILUTHA HUMOA.
  3076 | D:4      | 3076 ||| DRINKING 2 clear potions.
  3077 | D:4      | 3077 ||| DROPPING potion of invisibility.
  3099 | D:5      | Entered Level 5 of the Dungeon
  3138 | D:5      | Reached skill level 5 in Unarmed Combat
  3292 | D:5      | Reached XP level 7. HP: 66/66 MP: 7/7
  3339 | D:5      | Found Ceigaen's Antique Armour Emporium.
  3374 | D:5      | Found a shimmering altar of Xom.
  3401 | D:5      | Reached skill level 6 in Unarmed Combat
  3428 | D:5      | Found a staircase to the Ecumenical Temple.
  3500 | D:5      | Found an ornate altar of the Wu Jian Council.
  3513 | D:5      | Found a bloodstained altar of Trog.
  3978 | D:5      | 3978 ||| DRINKING 2 yellow potions.
  3979 | D:5      | 3979 ||| READING 3 scrolls of identify.
  3979 | D:5      | 3979 ||| IDENTIFYING bubbling black potion
  3980 | D:5      | 3980 ||| READING 2 scrolls of identify.
  3980 | D:5      | 3980 ||| IDENTIFYING fuming orange potion
  3981 | D:5      | 3981 ||| DROPPING potion of degeneration.
  4172 | D:5      | 4172 ||| READING 3 scrolls of teleportation.
  4173 | D:5      | 4173 ||| STAIRDANCE
  4203 | D:4      | Noticed Natasha
  4204 | D:4      | 4204 ||| Stepping ~*~*~tactically~*~*~ (stealth).
  4210 | D:4      | Killed Natasha
  4238 | D:6      | 4238 ||| Stepping ~*~*~tactically~*~*~ (hiding).
  4240 | D:6      | Reached skill level 7 in Unarmed Combat
  4250 | D:6      | 4250 ||| Stepping ~*~*~tactically~*~*~ (stealth).
  4251 | D:6      | 4251 ||| Stepping ~*~*~tactically~*~*~ (stealth).
  4304 | D:6      | 4304 ||| Stepping ~*~*~tactically~*~*~ (hiding).
  4307 | D:6      | 4307 ||| Stepping ~*~*~tactically~*~*~ (hiding).
  4310 | D:6      | Reached XP level 8. HP: 74/74 MP: 8/8
  4325 | D:6      | 4325 ||| Stepping ~*~*~tactically~*~*~ (stealth).
  4346 | D:6      | Reached skill level 6 in Shields
  4347 | D:6      | 4347 ||| Stepping ~*~*~tactically~*~*~ (hiding).
  4351 | D:6      | 4351 ||| INVOKING Fiery Armour.
  4364 | D:6      | Reached skill level 3 in Armour
  4381 | D:6      | 4381 ||| Stepping ~*~*~tactically~*~*~ (stealth).
  4395 | D:6      | Found Zin's Purification Station.
  4397 | D:6      | Found a glowing silver altar of Zin.
  4407 | D:6      | 4407 ||| BUYING potion of curing (90 gold).
  4407 | D:6      | Bought a potion of curing for 90 gold pieces
  4461 | D:6      | Reached skill level 8 in Unarmed Combat
  4497 | D:6      | 4497 ||| Stepping ~*~*~tactically~*~*~ (stealth).
  4502 | D:6      | Reached skill level 3 in Fighting
  4502 | D:6      | 4502 ||| FLEEEEING.
  4503 | D:6      | 4503 ||| FLEEEEING.
  4504 | D:6      | 4504 ||| FLEEEEING.
  4566 | D:6      | Found a blossoming altar of Fedhas.
  4567 | D:6      | 4567 ||| INVOKING Fiery Armour.
  4577 | D:6      | 4577 ||| Stepping ~*~*~tactically~*~*~ (outnumbered).
  4842 | D:6      | 4842 ||| UPGRADING to +2 cloak.
  4852 | D:6      | 4852 ||| DROPPING +0 cloak.
  4853 | D:6      | 4853 ||| UPGRADING to ring of resist corrosion.
  4854 | D:6      | 4854 ||| DRINKING 2 metallic cyan potions.
  4855 | D:6      | 4855 ||| READING 3 scrolls of identify.
  4855 | D:6      | 4855 ||| IDENTIFYING smoky dark potion
  4856 | D:6      | 4856 ||| READING 2 scrolls of identify.
  4856 | D:6      | 4856 ||| IDENTIFYING bubbling golden potion
  4857 | D:6      | 4857 ||| DROPPING potion of brilliance.
  4858 | D:6      | 4858 ||| DROPPING potion of flight.
  4871 | D:5      | 4871 ||| READING 2 scrolls of teleportation.
  4962 | D:5      | 4962 ||| BUYING glowing cloak (165 gold).
  4962 | D:5      | Bought a glowing cloak for 165 gold pieces
  4962 | D:5      | 4962 ||| DROPPING +1 cloak.
  4994 | D:7      | Reached XP level 9. HP: 80/81 MP: 9/9
  5012 | D:7      | Reached skill level 9 in Unarmed Combat
  5041 | D:7      | Found a shadowy altar of Dithmenos.
  5043 | D:7      | 5043 ||| Stepping ~*~*~tactically~*~*~ (stealth).
  5053 | D:7      | Reached skill level 1 in Throwing
  5170 | D:7      | 5170 ||| Stepping ~*~*~tactically~*~*~ (outnumbered).
  5255 | D:7      | 5255 ||| Stepping ~*~*~tactically~*~*~ (hiding).
  5256 | D:7      | 5256 ||| Stepping ~*~*~tactically~*~*~ (hiding).
  5384 | D:7      | Found an ancient bone altar of Kikubaaqudgha.
  5611 | D:7      | Found a burning altar of Makhleb.
  5760 | D:7      | 5760 ||| Stepping ~*~*~tactically~*~*~ (stealth).
  5765 | D:7      | 5765 ||| INVOKING Fiery Armour.
  5766 | D:7      | 5766 ||| FLEEEEING.
  5778 | D:7      | 5778 ||| FLEEEEING.
  5795 | D:7      | 5795 ||| Stepping ~*~*~tactically~*~*~ (stealth).
  5797 | D:7      | 5797 ||| FLEEEEING.
  5812 | D:7      | 5812 ||| Stepping ~*~*~tactically~*~*~ (outnumbered).
  5814 | D:7      | 5814 ||| Stepping ~*~*~tactically~*~*~ (outnumbered).
  5820 | D:7      | 5820 ||| Stepping ~*~*~tactically~*~*~ (outnumbered).
  5825 | D:7      | 5825 ||| Stepping ~*~*~tactically~*~*~ (outnumbered).
  5833 | D:7      | 5833 ||| Stepping ~*~*~tactically~*~*~ (outnumbered).
  5835 | D:7      | 5835 ||| Stepping ~*~*~tactically~*~*~ (outnumbered).
  5837 | D:7      | 5837 ||| Stepping ~*~*~tactically~*~*~ (outnumbered).
  5839 | D:7      | 5839 ||| FLEEEEING.
  5857 | D:7      | 5857 ||| Stepping ~*~*~tactically~*~*~ (stealth).
  5860 | D:7      | 5860 ||| INVOKING Fiery Armour.
  5861 | D:7      | 5861 ||| FLEEEEING.
  5862 | D:7      | 5862 ||| FLEEEEING.
  5873 | D:7      | 5873 ||| Stepping ~*~*~tactically~*~*~ (outnumbered).
  5875 | D:7      | 5875 ||| Stepping ~*~*~tactically~*~*~ (outnumbered).
  5883 | D:7      | 5883 ||| Stepping ~*~*~tactically~*~*~ (outnumbered).
  5885 | D:7      | 5885 ||| Stepping ~*~*~tactically~*~*~ (outnumbered).
  5899 | D:7      | HP: 14/81 [electric eel/bolt of electricity (11)]
  5900 | D:7      | 5900 ||| READING scroll of teleportation.
  5901 | D:7      | 5901 ||| DRINKING 4 potions of heal wounds.
  6011 | D:7      | 6011 ||| INVOKING Fiery Armour.
  6018 | D:7      | 6018 ||| FLEEEEING.
  6019 | D:7      | 6019 ||| FLEEEEING.
  6020 | D:7      | 6020 ||| FLEEEEING.
  6021 | D:7      | 6021 ||| FLEEEEING.
  6074 | D:7      | Reached skill level 10 in Unarmed Combat
  6084 | D:7      | 6084 ||| READING scroll labelled QIFRAODW ILITT.
  6085 | D:7      | 6085 ||| DRINKING 3 dark potions.
  6086 | D:7      | 6086 ||| DRINKING 2 glowing brown potions.
  6187 | D:7      | 6187 ||| DROPPING 2 potions of attraction.
  6188 | D:7      | 6188 ||| DROPPING potion of ambrosia.
  6244 | D:8      | 6244 ||| PLANNING OSSUARY
  6302 | D:8      | Noticed a troll
  6322 | D:8      | 6322 ||| Stepping ~*~*~tactically~*~*~ (stealth).
  6326 | D:8      | Killed a troll
  6350 | D:8      | 6350 ||| Stepping ~*~*~tactically~*~*~ (stealth).
  6379 | D:8      | 6379 ||| Stepping ~*~*~tactically~*~*~ (stealth).
  6380 | D:8      | 6380 ||| Stepping ~*~*~tactically~*~*~ (stealth).
  6403 | D:8      | 6403 ||| Stepping ~*~*~tactically~*~*~ (hiding).
  6404 | D:8      | 6404 ||| Stepping ~*~*~tactically~*~*~ (hiding).
  6430 | D:8      | Noticed a two-headed ogre
  6446 | D:8      | Noticed a centaur warrior
  6447 | D:8      | 6447 ||| Stepping ~*~*~tactically~*~*~ (hiding).
  6457 | D:8      | Killed a centaur warrior
  6458 | D:8      | Reached XP level 10. HP: 83/91 MP: 10/10
  6467 | D:8      | Noticed a two-headed ogre
  6477 | D:8      | Noticed Maurice
  6479 | D:8      | 6479 ||| Stepping ~*~*~tactically~*~*~ (hiding).
  6482 | D:8      | 6482 ||| Stepping ~*~*~tactically~*~*~ (hiding).
  6483 | D:8      | 6483 ||| INVOKING Fiery Armour.
  6485 | D:8      | HP: 16/91 [two-headed ogre/+0 giant club (14)]
  6486 | D:8      | 6486 ||| DRINKING 3 potions of heal wounds.
  6487 | D:8      | Killed a two-headed ogre
  6494 | D:8      | Killed Maurice
  6678 | D:8      | 6678 ||| Stepping ~*~*~tactically~*~*~ (outnumbered).
  6858 | D:8      | 6858 ||| RIP OSSUARY
  6879 | D:8      | Noticed a skeletal warrior
  6879 | D:8      | Noticed a purple ugly thing
  6880 | D:8      | 6880 ||| PLANNING D:1-11
  6880 | D:8      | 6880 ||| Stepping ~*~*~tactically~*~*~ (hiding).
  6893 | D:8      | 6893 ||| INVOKING Fiery Armour.
  6893 | D:8      | HP: 23/94 [skeletal warrior/+0 halberd (14)]
  6894 | D:8      | 6894 ||| DRINKING 2 potions of heal wounds.
  6908 | D:8      | HP: 19/94 [purple ugly thing (6)]
  6909 | D:8      | 6909 ||| DRINKING potion of heal wounds.
  6910 | D:8      | HP: 1/94 [purple ugly thing (14)]
  6913 | D:8      | Killed a skeletal warrior
  6914 | D:8      | Reached skill level 11 in Unarmed Combat
  6918 | D:8      | Killed a purple ugly thing
  6919 | D:8      | Reached skill level 9 in Shields
  7041 | D:8      | Noticed a red ugly thing
  7042 | D:8      | 7042 ||| Stepping ~*~*~tactically~*~*~ (stealth).
  7043 | D:8      | 7043 ||| Stepping ~*~*~tactically~*~*~ (stealth).
  7045 | D:8      | 7045 ||| Stepping ~*~*~tactically~*~*~ (stealth).
  7068 | D:8      | 7068 ||| INVOKING Fiery Armour.
  7070 | D:8      | Killed a red ugly thing
  7135 | D:8      | Identified the +1 robe "Naef" {Str+5}
  7221 | D:8      | 7221 ||| Stepping ~*~*~tactically~*~*~ (stealth).
  7222 | D:8      | 7222 ||| Stepping ~*~*~tactically~*~*~ (stealth).
  7225 | D:8      | Killed a two-headed ogre
  7226 | D:8      | Reached skill level 12 in Unarmed Combat
  7733 | D:8      | 7733 ||| DROPPING +1 robe "Naef" {Str+5}.
  7734 | D:8      | 7734 ||| UPGRADING to ring of willpower.
  7736 | D:8      | 7736 ||| DRINKING 2 white potions.
  7737 | D:8      | 7737 ||| DRINKING 2 glowing sapphire potions.
  7842 | D:8      | 7842 ||| READING 3 scrolls of identify.
  7842 | D:8      | 7842 ||| IDENTIFYING lumpy clear potion
  7843 | D:8      | 7843 ||| DROPPING potion of berserk rage.
  7844 | D:8      | 7844 ||| DROPPING potion of lignification.
  7917 | D:9      | Noticed a cyclops
  7918 | D:9      | 7918 ||| FLEEEEING.
  7925 | D:9      | 7925 ||| FLEEEEING.
  7948 | D:9      | Killed a cyclops
  7949 | D:9      | Reached XP level 11. HP: 91/101 MP: 11/11
  7991 | D:9      | 7991 ||| READING scroll of acquirement.
  7991 | D:9      | 7991 ||| ACQUIRING 928 gold pieces
  7991 | D:9      | Acquired 928 gold pieces
  8085 | D:9      | 8085 ||| Stepping ~*~*~tactically~*~*~ (stealth).
  8092 | D:9      | 8092 ||| Stepping ~*~*~tactically~*~*~ (outnumbered).
  8093 | D:9      | 8093 ||| Stepping ~*~*~tactically~*~*~ (outnumbered).
  8094 | D:9      | 8094 ||| Stepping ~*~*~tactically~*~*~ (outnumbered).
  8095 | D:9      | 8095 ||| Stepping ~*~*~tactically~*~*~ (outnumbered).
  8096 | D:9      | 8096 ||| Stepping ~*~*~tactically~*~*~ (outnumbered).
  8097 | D:9      | 8097 ||| Stepping ~*~*~tactically~*~*~ (outnumbered).
  8099 | D:9      | 8099 ||| INVOKING Fiery Armour.
  8108 | D:9      | 8108 ||| Stepping ~*~*~tactically~*~*~ (outnumbered).
  8109 | D:9      | 8109 ||| Stepping ~*~*~tactically~*~*~ (outnumbered).
  8111 | D:9      | 8111 ||| Stepping ~*~*~tactically~*~*~ (outnumbered).
  8112 | D:9      | 8112 ||| Stepping ~*~*~tactically~*~*~ (outnumbered).
  8113 | D:9      | 8113 ||| Stepping ~*~*~tactically~*~*~ (outnumbered).
  8115 | D:9      | 8115 ||| Stepping ~*~*~tactically~*~*~ (outnumbered).
  8116 | D:9      | 8116 ||| Stepping ~*~*~tactically~*~*~ (outnumbered).
  8117 | D:9      | 8117 ||| Stepping ~*~*~tactically~*~*~ (outnumbered).
  8118 | D:9      | 8118 ||| Stepping ~*~*~tactically~*~*~ (outnumbered).
  8121 | D:9      | Reached skill level 3 in Throwing
  8146 | D:9      | Identified the +1 scale mail of Instinct {Fly}
  8215 | D:9      | Found a staircase to the Lair.
  8646 | D:9      | 8646 ||| PLANNING LAIR
  8672 | Lair:1   | Entered Level 1 of the Lair of Beasts
  8704 | Lair:1   | 8704 ||| Stepping ~*~*~tactically~*~*~ (outnumbered).
  8705 | Lair:1   | 8705 ||| INVOKING Fiery Armour.
  8709 | Lair:1   | Noticed Sonja
  8731 | Abyss:1  | Cast into level 1 of the Abyss (Sonja)
  8757 | Abyss:1  | 8757 ||| UPGRADING to ring of protection from cold.
  8763 | Abyss:1  | 8763 ||| Stepping ~*~*~tactically~*~*~ (stealth).
  8769 | Abyss:1  | 8769 ||| Stepping ~*~*~tactically~*~*~ (stealth).
  8770 | Abyss:1  | 8770 ||| Stepping ~*~*~tactically~*~*~ (stealth).
  8771 | Abyss:1  | 8771 ||| Stepping ~*~*~tactically~*~*~ (stealth).
  8772 | Abyss:1  | 8772 ||| Stepping ~*~*~tactically~*~*~ (stealth).
  8793 | Abyss:1  | 8793 ||| Stepping ~*~*~tactically~*~*~ (stealth).
  8794 | Abyss:1  | 8794 ||| Stepping ~*~*~tactically~*~*~ (stealth).
  8799 | Abyss:1  | 8799 ||| Stepping ~*~*~tactically~*~*~ (outnumbered).
  8799 | Abyss:1  | Gained mutation: You occasionally lose the ability to read
                  | scrolls when taking damage. [a neqoxec]
  8801 | Abyss:1  | 8801 ||| INVOKING Fiery Armour.
  8802 | Abyss:1  | Noticed a tentacled starspawn
  8805 | Abyss:1  | Noticed an Executioner
  8808 | Abyss:1  | Noticed a merfolk aquamancer
  8811 | Abyss:1  | Noticed a tentacled starspawn
  8815 | Abyss:1  | HP: 16/102 [tentacled starspawn (25)]
  8815 | Abyss:1  | HP: 3/102 [tentacled starspawn (13)]
  8815 | Abyss:1  | HP: 1/102 [constriction[a tentacled starspawn] (2)]
  8816 | Abyss:1  | 8816 ||| DRINKING potion of heal wounds.
  8817 | Abyss:1  | Slain by an Executioner

Levels and vault maps discovered:
D:1:      dpeg_arrival_arbitrary_c, layout_loops_cross
D:2:      layout_basic, serial_shops, nicolae_shop_statue_plus,
          mrwooster_statue_mirror, minmay_pentomino_z4
D:3:      layout_basic
D:4:      nicolae_cairo_tiling_large_dashed, layout_cave_pods, uniq_menkaure,
          uniq_robin, uniq_natasha
D:5:      layout_loops_corners, trog_butcher_becter,
          mainiacjoe_overflow_boulevard,
          mainiacjoe_overflow_concentric_impassable, minmay_temple_entry_trees,
          serial_shops, nicolae_take_the_stairs
D:6:      layout_rooms, mainiacjoe_overflow_24_doors, zin_purify
D:7:      cheibrodos_two_vegetables, layout_loops_ring,
          mainiacjoe_overflow_six_doors_small, lemuel_crystal_altar,
          makhleb_blood_cavern_becter
D:8:      layout_basic, chequers_ossuary_entry_cave, minmay_shattered_shrine,
          uniq_maurice
D:9:      layout_grid_maze, due_lair_maze_entry_diamond, serial_rivers,
          chequers_serial_rivers_micro_e, chequers_serial_rivers_micro_e,
          chequers_serial_rivers_micro_e, chequers_serial_rivers_micro_e,
          hangedman_decor_opposing, statue_in_the_mist_lemuel
Lair:1:   layout_misc_corridors, nicolae_volcano_entry_s_turn,
          minmay_hedge_maze, grunt_megastairs_2, lemuel_fruit_fields,
          serial_bayou_shore_a, uniq_sonja
Abyss:1:  base: D:2, spicy_abyss_planar_alliance

Skill      XL: |  1  2  3  4  5  6  7  8  9 10 11 |
---------------+----------------------------------+-----
Shields        | 1 2 3 4 5 6 8 9 |  9.1
Armour         | 1 2 3 4 5 |  5.1
Unarmed Combat | 4 5 7 8 10 12 | 12.3
Fighting       | 3 4 5 |  5.0
Throwing       | 1 4 |  4.1
Spellcasting   | |  1.0
Fire Magic     | |  2.1

Action                   |  1- 3 |  4- 6 |  7- 9 | 10-12 || total
-------------------------+-------+-------+-------+-------++-------
Melee: Unarmed           |    96 |   113 |   367 |   190 ||   766
Throw: Boomerang         |       |     3 |    67 |    18 ||    88
       Large rock        |       |       |       |    12 ||    12
Invok: Fiery Armour      |       |     1 |     5 |     6 ||    12
  Use: Scroll            |    10 |     1 |     8 |     2 ||    21
       Potion            |     1 |     1 |     5 |     6 ||    13
Armor: Robe              |     7 |       |       |       ||     7
       Gold dragon scale |    33 |    71 |   258 |   201 ||   563
Dodge: Dodged            |     5 |     1 |    11 |     7 ||    24
Block: Kite shield       |    13 |    34 |   101 |   116 ||   264

Table legend:
 A = Non-vault XP
 B = Vault XP
 C = Vault XP percentage of total XP
 D = Non-vault monster count
 E = Vault monster count
 F = Vault count percentage of total count
                 A         B        C        D         E       F
            +---------+---------+-------+---------+---------+-------
      Total |    7397 |    7936 |  51.8 |     163 |      57 |  25.9
            +---------+---------+-------+---------+---------+-------
        D:1 |      26 |       0 |   0.0 |      14 |       0 |   0.0
        D:2 |      60 |       5 |   7.7 |      19 |       3 |  13.6
        D:3 |      17 |       0 |   0.0 |      11 |       0 |   0.0
        D:4 |     202 |     241 |  54.4 |      21 |      14 |  40.0
        D:5 |     767 |       7 |   0.9 |      20 |       4 |  16.7
        D:6 |    1367 |       0 |   0.0 |      32 |       0 |   0.0
        D:7 |     843 |     603 |  41.7 |      17 |      11 |  39.3
        D:8 |     715 |    5705 |  88.9 |      13 |      16 |  55.2
        D:9 |    1019 |    1375 |  57.4 |       6 |       9 |  60.0
     Lair:1 |    1450 |       0 |   0.0 |       6 |       0 |   0.0
    Abyss:1 |     931 |       0 |   0.0 |       4 |       0 |   0.0
            +---------+---------+-------+---------+---------+-------
